 Dungeon Crawl Stone Soup version 0.31-a0-267-g3fc6992b3b (webtiles) character file.

Game seed: 17351462494904905867

464 qw the Shooter (level 7, -3/44 HPs)
             Began as a Gargoyle Hexslinger on July 14, 2023.
             Slain by an iguana (6 damage)
             ... on level 4 of the Dungeon.
             The game lasted 00:01:05 (2180 turns).

qw the Shooter (Gargoyle Hexslinger)                Turns: 2180, Time: 00:01:06

Health: -3/44      AC:  9    Str: 17    XL:     7   Next: 8%
Magic:  8/8        EV: 12    Int: 14    God:
Gold:   38         SH:  0    Dex: 14    Spells: 7/8 levels left

rFire   . . .        Y - +4 sling
rCold   . . .        (no shield)
rNeg    + . .        b - +1 robe {Will+}
rPois   inf          (helmet restricted)
rElec   +            (no cloak)
rCorr   .            j - +0 pair of gloves
SInv    .            h - +0 pair of boots
Will    +....        (no amulet)
Stlth   +            a - +6 ring of strength
HPRegen 0.27/turn    (no ring)
MPRegen 0.11/turn

%: no passive effects
@: no status effects
A: sickness immunity, AC +4, negative energy resistance 1, electricity
resistance, torment resistance 1, petrification resistance, antennae 1
a: no special abilities


You were on level 4 of the Dungeon.
You visited 1 branch of the dungeon, and saw 4 of its levels.

You collected 77 gold pieces.
You spent 39 gold pieces at shops.


Innate Abilities, Weirdness & Mutations

You are immune to sickness and miasma.
Your stone body is resilient. (AC +4)
You are immune to poison.
You resist negative energy. (rN+)
You are resistant to electric shocks. (rElec)
You are resistant to unholy torment.
You are immune to petrification.
You have a pair of small antennae on your head.


   Skills:
 - Level 5.1 Fighting
 + Level 5.6 Ranged Weapons
 - Level 1.5 Dodging
 - Level 1.0 Spellcasting
 - Level 2.6 Hexes


You had 7 spell levels left.
You knew the following spells:

 Your Spells              Type           Power      Damage    Failure   Level
a - Slow                  Hex            32%        N/A       9%          1

Your spell library contained the following spells:

 Spells                   Type           Power      Damage    Failure   Level
 Inner Flame              Hex/Fire       4%         N/A       41%         3
 Portal Projectile        Hex/Tloc       8%         N/A       41%         3
 Cause Fear               Hex            4%         N/A       65%         4

Inventory:

Hand Weapons
 Y - a +4 sling (weapon)
Armour
 b - a +1 robe of willpower (worn)
 c - the +2 pair of gloves of the Lair of Beasts {Int+4 Slay-6}
   (You found it on level 4 of the Dungeon)

   Int:       It affects your intelligence (+4).
   Slay:      It affects your accuracy & damage with ranged weapons and melee
   (-6).
 g - a +0 leather armour
 h - a +0 pair of boots (worn)
 j - a +0 pair of gloves (worn)
Jewellery
 a - a +6 ring of strength (left hand)
Scrolls
 k - a scroll of identify
Potions
 d - a potion of brilliance {unknown}
 e - a potion of enlightenment {unknown}
 f - a potion of heal wounds {unknown}
 i - a potion of resistance {unknown}
 m - a potion of degeneration {unknown}
 n - a potion of curing
 o - a potion of berserk rage {unknown}

Dungeon Overview and Level Annotations

Branches:
Dungeon (4/15)
 Temple: D:4-7

Altars:
Ashenzari
Fedhas
Uskayaw
Zin

Shops:
D:2 !   D:4 (


Message History

The sling bullet closely misses the iguana.
The hound completely misses you. The hound barely misses you.
You shoot a sling bullet.
The sling bullet barely misses the hound.
The hound bites you but does no damage. The iguana bites you.
The hound bites you but does no damage.
You shoot a sling bullet. The sling bullet hits the hound.
You kill the hound!
The iguana closely misses you.
You shoot a sling bullet.
The sling bullet hits the iguana but does no damage.
The iguana barely misses you.
You shoot a sling bullet. The sling bullet hits the iguana.
The iguana is lightly wounded.
The iguana closely misses you.
You shoot a sling bullet.
The sling bullet closely misses the iguana.
The iguana bites you.
You shoot a sling bullet. The sling bullet hits the iguana.
The iguana is moderately wounded.
The iguana bites you!
You shoot a sling bullet. The sling bullet hits the iguana.
The iguana is moderately wounded.
The iguana bites you! x2
You shoot a sling bullet.
The sling bullet completely misses the iguana.
The iguana bites you.
You shoot a sling bullet. The sling bullet hits the iguana.
The iguana is moderately wounded.
The iguana bites you but does no damage.
You shoot a sling bullet.
The sling bullet closely misses the iguana.
The iguana misses you.
You shoot a sling bullet. The sling bullet hits the iguana!
The iguana is almost dead.
The iguana bites you!
You shoot a sling bullet.
The sling bullet barely misses the iguana.
The iguana bites you.
You die...

#..... #..... #.....
...... #..... .....
##.....### .....
......... ...
##....l.##### ...
.......@'...# #.#
##......###.# #.#
........###+### #.##
.......#......#######...
.......#.............###
.#######.............+..
##............###
#............# #
#............+


You could see an iguana.

Vanquished Creatures
  Sigmund (D:2)
  Edmund (D:4)
  A hound (D:4)
  Robin (D:2)
  3 gnolls (D:3)
  6 adders
  2 worms
  A dart slug (D:3)
  An orc (D:3)
  4 ball pythons
  3 bats
  5 endoplasms
  13 goblins
  10 hobgoblins
  4 quokkas
  4 kobolds
  8 rats
68 creatures vanquished.

Notes
Turn   | Place    | Note
-------+----------+-------------------------------------------
     0 | D:1      | qw the Gargoyle Hexslinger began the quest for the Orb.
     0 | D:1      | Reached XP level 1. HP: 12/12 MP: 2/2
     0 | D:1      | 0 ||| qw: Version: 0.3-a-52-g30416fa
     0 | D:1      | 0 ||| qw: Game counter: 7914
     0 | D:1      | 0 ||| qw: Melee chars always use a shield: true
     0 | D:1      | 0 ||| qw: God list: Okawaru
     0 | D:1      | 0 ||| qw: Allow faded altars: false
     0 | D:1      | 0 ||| qw: Do Orc after clearing Dungeon:15 true
     0 | D:1      | 0 ||| qw: Do second Lair branch before Depths: true
     0 | D:1      | 0 ||| qw: Lair rune preference: random
     0 | D:1      | 0 ||| qw: Goals: Normal
     0 | D:1      | 0 ||| PLANNING D:1-11
   262 | D:1      | Reached XP level 2. HP: 16/16 MP: 3/3
   369 | D:1      | Reached skill level 3 in Ranged Weapons
   482 | D:1      | 482 ||| UPGRADING to +0 leather armour.
   492 | D:1      | 492 ||| DROPPING +0 robe.
   493 | D:1      | 493 ||| READING 2 scrolls labelled FUUTSYR FATT.
   494 | D:1      | 494 ||| READING scroll of enchant weapon.
   494 | D:1      | 494 ||| ENCHANTING +2 sling.
   495 | D:1      | 495 ||| READING 2 scrolls labelled WYQYSK VOESS.
   499 | D:1      | 499 ||| READING scroll labelled NUIK KOXOUWAKU.
   500 | D:1      | 500 ||| READING scroll labelled XUUBRIH VOSI.
   501 | D:1      | 501 ||| DROPPING scroll of poison.
   526 | D:2      | Noticed Robin
   526 | D:2      | Found Erghisosm's Distillery.
   529 | D:2      | 529 ||| STAIRDANCE
   531 | D:1      | HP: 4/16 [hobgoblin[Robin] (5)]
   532 | D:1      | 532 ||| READING scroll of teleportation.
   655 | D:2      | Noticed Sigmund
   661 | D:2      | Killed Sigmund
   662 | D:2      | Reached XP level 3. HP: 26/26 MP: 4/4
   662 | D:2      | Reached XP level 4. HP: 31/31 MP: 5/5
   662 | D:2      | Reached XP level 5. HP: 35/35 MP: 6/6
   885 | D:2      | Reached XP level 6. HP: 40/40 MP: 7/7
  1042 | D:2      | 1042 ||| Stepping ~*~*~tactically~*~*~ (outnumbered).
  1056 | D:2      | Killed Robin
  1144 | D:2      | Found a hide-covered altar of Uskayaw.
  1154 | D:2      | 1154 ||| BUYING potion of curing (39 gold).
  1154 | D:2      | Bought a potion of curing for 39 gold pieces
  1154 | D:2      | 1154 ||| SHOPLISTING potion of haste (130 gold, have 8).
  1154 | D:2      | 1154 ||| SHOPLISTING potion of heal wounds (65 gold, have
                  | 8).
  1154 | D:2      | 1154 ||| SHOPLISTING potion of mutation (104 gold, have 8).
  1273 | D:2      | 1273 ||| UPGRADING to +1 robe of willpower.
  1283 | D:2      | 1283 ||| UPGRADING to +0 pair of boots.
  1288 | D:2      | 1288 ||| UPGRADING to +0 pair of gloves.
  1293 | D:2      | 1293 ||| UPGRADING to +0 helmet.
  1298 | D:2      | 1298 ||| UPGRADING to +6 ring of strength.
  1299 | D:2      | 1299 ||| READING scroll labelled MEPIN WOYNN.
  1329 | D:2      | 1329 ||| READING 2 scrolls labelled ROKATO KURAL.
  1330 | D:2      | 1330 ||| READING 2 scrolls labelled HIUCVO NAVVOL.
  1331 | D:2      | 1331 ||| READING scroll labelled ZANEHO JIJY.
  1332 | D:2      | 1332 ||| DROPPING scroll of amnesia.
  1359 | D:3      | Found a glowing silver altar of Zin.
  1395 | D:3      | Found a broken altar of Ashenzari.
  1405 | D:3      | 1405 ||| READING scroll of enchant weapon.
  1405 | D:3      | 1405 ||| ENCHANTING +3 sling.
  1461 | D:3      | Noticed a +0 spear
  1462 | D:3      | Noticed a +0 falchion
  1462 | D:3      | Noticed a +0 dagger
  1462 | D:3      | Noticed a +0 spear
  1463 | D:3      | Noticed a +0 short sword
  1463 | D:3      | Noticed a +0 short sword
  1463 | D:3      | Noticed a +0 dagger
  1464 | D:3      | Noticed a +0 falchion
  1471 | D:3      | Found a hide-covered altar of Uskayaw.
  1522 | D:3      | Found a blossoming altar of Fedhas.
  1631 | D:3      | Found a faded altar of an unknown god.
  1817 | D:3      | 1817 ||| READING scroll labelled JUPRAPHILEC.
  1818 | D:3      | 1818 ||| DRINKING 2 white potions.
  1818 | D:3      | Gained mutation: You have an increased reservoir of magic.
                  | (+10% MP) [potion of mutation]
  1818 | D:3      | Gained mutation: Your body sometimes deteriorates upon
                  | taking damage. [potion of mutation]
  1818 | D:3      | Gained mutation: Your body often deteriorates upon taking
                  | damage. [potion of mutation]
  1819 | D:3      | 1819 ||| DRINKING potion of mutation.
  1819 | D:3      | Lost mutation: You have an increased reservoir of magic.
                  | (+10% MP) [potion of mutation]
  1819 | D:3      | Lost mutation: Your body often deteriorates upon taking
                  | damage. [potion of mutation]
  1819 | D:3      | Lost mutation: Your body sometimes deteriorates upon taking
                  | damage. [potion of mutation]
  1819 | D:3      | Gained mutation: You have a pair of small antennae on your
                  | head. [potion of mutation]
  1820 | D:3      | 1820 ||| DROPPING +0 helmet.
  1821 | D:3      | 1821 ||| DROPPING scroll of immolation.
  1888 | D:4      | Noticed Edmund
  1905 | D:4      | HP: 7/40 [Edmund/+0 flail of holy wrath (6)]
  1907 | D:4      | Killed Edmund
  2043 | D:4      | Reached XP level 7. HP: 44/44 MP: 8/8
  2045 | D:4      | Identified the +2 pair of gloves of the Lair of Beasts
                  | {Int+4 Slay-6}
  2129 | D:4      | Found Pogig's Weapon Emporium.
  2179 | D:4      | HP: 3/44 [iguana (11)]
  2180 | D:4      | Slain by an iguana

Levels and vault maps discovered:
D:1:      sevenhm_arrival_forest_fort_large_4, layout_rooms
D:2:      minmay_razor_zed, layout_rooms, basic_altar, serial_shops, shop,
          grunt_ministairs_8, uniq_sigmund, uniq_robin
D:3:      layout_rooms, mainiacjoe_overflow_paths, nicolae_uskayaw_en_pointe,
          mainiacjoe_overflow_concentric_impassable,
          mainiacjoe_overflow_tiny_flanked, hellmonk_ecumenical_altar_blasted,
          minmay_door_square
D:4:      layout_basic, nicolae_sif_muna_little_library, serial_shops,
          shop_fountains, uniq_edmund

Skill      XL: |  1  2  3  4  5  6 |
---------------+-------------------+-----
Ranged Weapons | 3 5 |  5.6
Fighting       | 5 |  5.1
Dodging        | |  1.5
Spellcasting   | |  1.0
Hexes          | |  2.6

Action                     |  1- 3 |  4- 6 |  7- 9 || total
---------------------------+-------+-------+-------++-------
   Fire: Sling             |    53 |   136 |    23 ||   212
    Use: Scroll            |     6 |     6 |       ||    12
         Potion            |       |     2 |       ||     2
 Armour: Robe              |     4 |     9 |     3 ||    16
         Leather armour    |     5 |    20 |       ||    25
  Dodge: Dodged            |    30 |    39 |     7 ||    76

Table legend:
 A = Non-vault XP
 B = Vault XP
 C = Vault XP percentage of total XP
 D = Non-vault monster count
 E = Vault monster count
 F = Vault count percentage of total count
                 A         B        C        D         E       F
            +---------+---------+-------+---------+---------+-------
      Total |     209 |     455 |  68.5 |      42 |      26 |  38.2
            +---------+---------+-------+---------+---------+-------
        D:1 |      20 |       6 |  23.1 |      13 |       3 |  18.8
        D:2 |      50 |     280 |  84.8 |       9 |      22 |  71.0
        D:3 |      89 |       0 |   0.0 |      15 |       0 |   0.0
        D:4 |      50 |     169 |  77.2 |       5 |       1 |  16.7
            +---------+---------+-------+---------+---------+-------
